 Dungeon Crawl Stone Soup version 0.29-a0-322-g68df515428 (webtiles) character file.

Game seed: 2927275026916268157

118 Morbidden the Conjurer (level 4, -3/41 HPs)
             Began as a Troll Conjurer on Apr 7, 2022.
             Slain by an adder (4 damage)
             ... on level 2 of the Dungeon.
             The game lasted 00:01:40 (1590 turns).

Morbidden the Conjurer (Troll Conjurer)             Turns: 1590, Time: 00:01:40

Health: -3/41      AC:  5    Str: 15    XL:     4   Next: 72%
Magic:  4/5        EV:  9    Int: 16    God:
Gold:   114        SH:  0    Dex:  8    Spells: 5/6 levels left

rFire   . . .      SeeInvis .     - Unarmed
rCold   . . .      Faith    .   (no shield)
rNeg    . . .      Spirit   .   a - +0 robe
rPois   .          Reflect  .   (helmet restricted)
rElec   .          Harm     .   l - +0 cloak
rCorr   .          Rampage  .   (gloves unavailable)
Will    .....                   (boots unavailable)
Stlth   +.........              (no amulet)
HPRegen 0.93/turn               (no ring)
MPRegen 0.09/turn               (no ring)

@: lethally poisoned (-3 -> -4)
A: large, unfitting armour, claws 3, regeneration 1, shaggy fur 1, tough skin 1
a: no special abilities


You were on level 2 of the Dungeon.
You visited 1 branch of the dungeon, and saw 2 of its levels.

You collected 114 gold pieces.

Inventory:

Missiles
 q - a throwing net
Armour
 a - a +0 robe (worn)
 l - a +0 cloak (worn)
Scrolls
 d - a scroll of magic mapping {unknown}
 h - a scroll of enchant weapon {unknown}
 i - 2 scrolls of teleportation {unknown}
 j - 3 scrolls of identify {unknown}
 k - a scroll of enchant armour {unknown}
 o - 2 scrolls of blinking {unknown}
 r - a scroll of fog {unknown}
 s - a scroll of immolation {unknown}
Potions
 b - a potion of magic
 c - 2 potions of curing {unknown}
 e - a potion of degeneration {unknown}
 f - 2 potions of brilliance {unknown}
 g - a potion of mutation {unknown}
 m - a potion of might {unknown}
 n - 2 potions of heal wounds {unknown}
 p - a potion of flight {unknown}


   Skills:
 * Level 1.5 Fighting
 * Level 2.1 Dodging
 + Level 1.0 Stealth
 * Level 1.8 Unarmed Combat
 * Level 1.5 Spellcasting
 * Level 3.4 Conjurations


You had 5 spell levels left.
You knew the following spells:

 Your Spells              Type           Power      Damage    Failure   Level
a - Magic Dart            Conj           48%        1d5       5%          1

Your spell library contained the following spells:

 Spells                   Type           Power      Damage    Failure   Level
 Searing Ray              Conj           24%        2d5       8%          2
 Scorch                   Fire           2%         2d5       32%         2
 Dazzling Flash           Conj/Hex       12%        N/A       32%         3
 Flame Wave               Conj/Fire      6%         2d5       71%         4
 Fulminant Prism          Conj/Hex       3%         3d6       71%         4
 Iskenderun's Mystic Bla  Conj/Tloc      6%         2d4       71%         4
 Summon Cactus Giant      Summ           0%         N/A       100%        6


Dungeon Overview and Level Annotations

Branches:
Dungeon (2/15)

Altars:


Innate Abilities, Weirdness & Mutations

You are too large for most types of armour.
You have claws for hands.
Your natural rate of healing is unusually fast.
You are covered in fur. (AC +1)
You have tough skin. (AC +1)


Message History

Unknown command.
You barely miss the adder.
The adder is moderately wounded.
You feel sick. The adder closely misses you.
Unknown command.
You barely miss the adder.
The adder is moderately wounded.
You feel sick. The adder closely misses you.
Unknown command.
You scratch the adder.
The adder is heavily wounded.
You feel sick. The adder bites you.
* * * LOW HITPOINT WARNING * * *
You are more poisoned.
The adder poisons you! The adder bites you but does no damage.
You barely miss the adder.
The adder is heavily wounded.
You feel sick. The adder barely misses you.
Unknown command.
You scratch the adder.
The adder is severely wounded.
You feel sick. The adder bites you but does no damage.
Unknown command.
You miss the adder.
The adder is severely wounded.
You feel sick. The adder bites you.
* * * LOW HITPOINT WARNING * * *
You are lethally poisoned!
The adder poisons you!
Unknown command.
Casting: Magic Dart (safe; 5% risk of failure)
Confirm with . or Enter, or press ? or * to list all spells.
Aiming: Magic Dart (safe; 5% risk of failure)
Press: ? - help, Shift-Dir - straight line, f - adder
Aim: an adder (severely wounded, 100% to hit)
The magic dart hits the adder.
The adder is almost dead.
* * * LOW HITPOINT WARNING * * *
You feel sick. The adder bites you but does no damage. The adder bites you.
You die...

#..................#
##.####...#..........
#.....#.#.##........#
#.........##........#
#.....######........#
#######..# #)..(....#
..... #..# #<(......#
.8..8.#..# ##########
♣..†@.# ♣..S..#
.8..8.#### ......
#####


You could see an adder.

Vanquished Creatures
  4 gnolls
  2 adders (D:2)
  2 worms (D:2)
  3 dart slugs
  7 ball pythons
  4 bats
  4 endoplasms
  A giant cockroach (D:1)
  3 goblins
  2 hobgoblins (D:2)
  3 quokkas
  3 frilled lizards
  8 kobolds
  4 rats
50 creatures vanquished.

Notes
Turn   | Place    | Note
-------+----------+-------------------------------------------
     0 | D:1      | Morbidden the Troll Conjurer began the quest for the Orb.
     0 | D:1      | Reached XP level 1. HP: 16/16 MP: 1/1
    19 | D:1      | Reached skill level 3 in Conjurations
    81 | D:1      | Found a faded altar of an unknown god.
   100 | D:1      | Reached XP level 2. HP: 13/26 MP: 2/2
   585 | D:1      | Reached skill level 1 in Fighting
   585 | D:1      | Reached XP level 3. HP: 31/33 MP: 3/3
  1198 | D:2      | Reached skill level 1 in Unarmed Combat
  1198 | D:2      | Reached XP level 4. HP: 26/41 MP: 5/5
  1590 | D:2      | HP: 1/41 [poisoned by an adder]
  1590 | D:2      | Slain by an adder

Illustrated notes

Levels and vault maps discovered:
D:1:      scummos_arrival_simple_fountains, layout_loops_corners,
          hellmonk_ecumenical_altar_arch_garden, minmay_octomino_j4
D:2:      layout_rooms, serial_glass, glass_columns_c, glass_columns_a,
          glass_columns_a, glass_columns_b, glass_columns_a, glass_columns_a,
          glass_columns_c, glass_columns_a, kennysheep_generic_room_15,
          uniq_crazy_yiuf_cottage

Skill      XL: |  1  2  3 |
---------------+----------+-----
Conjurations   | 3 |  3.4
Fighting       | 1 |  1.5
Dodging        | 2 |  2.1
Unarmed Combat | 1 |  1.8
Stealth        | |  1.0
Spellcasting   | |  1.5

Action                   |  1- 3 |  4- 6 || total
-------------------------+-------+-------++-------
Melee: Unarmed           |   105 |    52 ||   157
       Punch             |     1 |     2 ||     3
 Cast: Magic Dart        |     3 |     1 ||     4
 Stab: Sleeping          |       |     1 ||     1
Armor: Robe              |    38 |    22 ||    60
Dodge: Dodged            |    41 |    26 ||    67

Table legend: (Time is in decaauts)
 A = Elapsed time spent in this place.
 B = Non-inter-level travel time spent in this place.
 C = Inter-level travel time spent in this place.
 D = Time resting spent in this place.
 E = Time spent auto-exploring this place.
 F = Levels seen in this place.
 G = Mean time per level.
                   A        B        C        D        E       F      G
               +--------+--------+--------+--------+--------+-----+--------+
         Total |   1588 |   1549 |     39 |    138 |   1053 |   2 |  794.0 |
       Dungeon |   1588 |   1549 |     39 |    138 |   1053 |   2 |  794.0 |
               +--------+--------+--------+--------+--------+-----+--------+

Top non-repeatable levels by time:
     D:1: 1005 daAuts
     D:2: 583 daAuts
